 Dungeon Crawl Stone Soup version 0.31.0-1-g2c135a0 (webtiles) character file.

Game seed: 1055643289320020534

302 samcosmo the Changeling (level 6, -1/41 HPs)
             Began as an Octopode Shapeshifter on Mar 14, 2024.
             Slain by a gnoll
             ... wielding a +0 spear
              (2 damage)
             ... on level 4 of the Dungeon.
             The game lasted 00:05:26 (2243 turns).

samcosmo the Changeling (Octopode Shapeshifter)     Turns: 2243, Time: 00:05:27

Health: -1/41      AC:  1    Str: 15    XL:     6   Next: 37%
Magic:  6/6        EV: 13    Int: 16    God:
Gold:   150        SH:  0    Dex: 11    Spells: 5/5 levels left

rFire   . . .        h - +7 falchion of Dairr {venom, Int+3}
rCold   . . .        (no shield)
rNeg    . . .        (helmet currently unavailable)
rPois   .            (no amulet)
rElec   .            j - ring of resist corrosion
rCorr   +            (no ring)
SInv    .            (no ring)
Will    .....        (no ring)
Stlth   +++          (no ring)
HPRegen 0.26/turn    (no ring)
MPRegen 0.10/turn    (no ring)
                     (no ring)

%: no passive effects
@: beast-form
A: beast (slay +2), almost no armour, amphibious, 8 rings, camouflage 1,
gelatinous body 1, nimble swimmer 1, tentacles
a: Begin Untransformation


You were on level 4 of the Dungeon.
You were a hulking beast.
You visited 1 branch of the dungeon, and saw 4 of its levels.

You collected 150 gold pieces.

Inventory:

Hand Weapons
 e - a +0 dagger
 h - the +7 falchion of Dairr (weapon) {venom, Int+3}
   (You found it on level 2 of the Dungeon)

   Int+3:     It affects your intelligence (+3).
Jewellery
 j - a ring of resist corrosion (left tentacle)
Talismans
 b - a beast talisman
 c - a flux talisman
Scrolls
 d - 3 scrolls of teleportation
 f - 5 scrolls of identify
 i - 2 scrolls of blinking
Potions
 a - a potion of lignification
 g - 2 potions of mutation
 k - a potion of ambrosia {unknown}
 l - a potion of curing {unknown}


   Skills:
 + Level 2.8 Fighting
 + Level 2.0 Long Blades
 + Level 3.3 Dodging
 - Level 3.3 Unarmed Combat
 * Level 4.6 Shapeshifting


You had 5 spell levels left.
You didn't know any spells.
Your spell library contained the following spells:

 Spells                   Type           Power      Damage    Failure   Level
 Hailstorm                Conj/Ice       0%         3d5       58%         3
 Summon Ice Beast         Ice/Summ       0%         N/A       58%         3
 Sculpt Simulacrum        Ice/Alch       0%         N/A       100%        6


Dungeon Overview and Level Annotations

Branches:
Dungeon (4/15)
 Temple: D:4-7

Altars:
The Shining One

Shops:
D:3 [   D:4 ?


Innate Abilities, Weirdness & Mutations

You are a hulking beast.
Your limbs bulge with bestial killing power. (Slay +2)
You cannot wear most types of armour.
You are amphibious.
You can wear up to eight rings at the same time.
Your skin changes colour to match your surroundings (Stealth+).
Your rubbery body absorbs attacks. (AC +1, EV +1)
You are camouflaged when in or above water. (Stealth+)
You have tentacles for arms and can constrict up to eight enemies at once.


Message History

You enter the shallow water.
A gnoll comes into view. It is wielding a +0 spear.
A gnoll is nearby!
Found 2 potions of mutation.
You enter the deep water.
A gnoll comes into view. It is wielding a +0 club.
A gnoll comes into view. It is wielding a +0 club.
The gnoll shouts!
The gnoll shouts!
A goblin comes into view. It is wielding a +0 dagger.
Found a stone staircase leading up.
You slash the gnoll!
The gnoll is poisoned.
You grab the gnoll.
The gnoll is almost dead.
You constrict the gnoll.
The gnoll hits you from afar with a +0 spear.
You hit the gnoll.
You kill the gnoll!
You hear a splash.
The gnoll hits you with a +0 club. The gnoll barely misses you.
The gnoll hits you with a +0 club.
You hit the gnoll.
The gnoll is poisoned.
Your grab misses the gnoll. You squeeze the gnoll.
You kill the gnoll!
The gnoll hits you from afar with a +0 spear.
The gnoll hits you with a +0 spear! The goblin misses you.
You see here a +0 club.
You are too injured to fight recklessly!
You are too injured to fight recklessly!
You are too injured to fight recklessly!
Unknown command.
You hit the gnoll.
The gnoll is poisoned.
You grab the gnoll.
The gnoll is moderately wounded.
You constrict the gnoll. The gnoll hits you with a +0 spear.
The goblin hits you with a +0 dagger. The gnoll hits you with a +0 spear!
* * * LOW HITPOINT WARNING * * *
You closely miss the goblin. You grab the goblin. You constrict the gnoll.
You constrict the goblin. The goblin hits you with a +0 dagger.
* * * LOW HITPOINT WARNING * * *
The gnoll hits you with a +0 spear.
You die...

##......###.8..8##.~~~~
##...........8..8~~~~≈≈≈
#..........##~..~~≈≈≈≈≈≈
~.........~~~~..≈≈≈≈≈~~~
~~~~...~~~~≈≈≈..≈≈~~~~.#
≈≈≈~~~~~≈≈≈≈≈≈..~~~##..#
≈≈≈≈≈≈≈≈≈≈≈~~~..~####..#
~~~≈≈≈≈≈~~~~#8..8# ##..#
#~~~~~h~)...8.†8###...#
#.....gg...##....##..###
#..........##....##.....
#<.........###.........#
#....................###
........................
##........#........#####
##......##∩....#..#
#....#####


You could see a gnoll (very poisoned) and a goblin.

Vanquished Creatures
  A scorpion (D:4)
  A bombardier beetle (D:3)
  An orc priest (D:3)
  A jelly (D:4)
  An orc wizard (D:3)
  2 gnolls (D:4)
  4 adders
  5 dart slugs (D:3)
  3 orcs (D:3)
  3 bats (D:2)
  7 endoplasms
  2 giant cockroaches
  5 goblins
  8 hobgoblins
  2 jackals (D:3)
  A quokka (D:3)
  4 ball pythons
  3 frilled lizards
  5 kobolds
  6 rats
65 creatures vanquished.

Notes
Turn   | Place    | Note
-------+----------+-------------------------------------------
     0 | D:1      | samcosmo the Octopode Shapeshifter began the quest for the
                  | Orb.
     0 | D:1      | Reached XP level 1. HP: 13/13 MP: 1/1
    81 | D:1      | Reached XP level 2. HP: 18/18 MP: 2/2
   664 | D:2      | Reached XP level 3. HP: 22/23 MP: 3/3
   786 | D:2      | Identified the +7 falchion of Dairr {venom, Int+3}
  1173 | D:3      | Reached XP level 4. HP: 29/29 MP: 4/4
  1184 | D:3      | Reached skill level 1 in Long Blades
  1210 | D:3      | Reached skill level 4 in Shapeshifting
  1210 | D:3      | Reached XP level 5. HP: 17/34 MP: 5/5
  1402 | D:3      | Found Xudeno's Antique Armour Shoppe.
  1534 | D:3      | Found a glowing golden altar of the Shining One.
  1741 | D:3      | Found a faded altar of an unknown god.
  2079 | D:4      | Reached XP level 6. HP: 37/41 MP: 6/6
  2173 | D:4      | Found Liofich's Magic Scroll Boutique.
  2243 | D:4      | HP: 1/41 [goblin/+0 dagger (3)]
  2243 | D:4      | Slain by a gnoll

Illustrated notes

Levels and vault maps discovered:
D:1:      dreamdust_arrival_sigmund_warning, layout_rooms
D:2:      layout_loops_ring
D:3:      kennysheep_slugbush, layout_basic, mainiacjoe_overflow_chevrons,
          shapermc_ecumenical_altar_flowoftime, serial_shops, shop_fountains,
          nicolae_houndstooth_variations
D:4:      wander_river, layout_rooms, nicolae_yredelemnul_corpse_copse,
          general_overflow_altar, serial_shops, nicolae_shop_rolled_up,
          abandoned_shop, kennysheep_generic_room_4

Skill      XL: |  1  2  3  4  5  6 |
---------------+-------------------+-----
Fighting       | 2 |  2.8
Long Blades    | 1 2 |  2.0
Shapeshifting  | 4 |  4.6
Dodging        | 3 |  3.3
Unarmed Combat | |  3.3

Action                     |  1- 3 |  4- 6 || total
---------------------------+-------+-------++-------
  Melee: Unarmed           |    25 |       ||    25
         Tentacles         |    11 |    11 ||    22
         Constrict         |    14 |    20 ||    34
         Dagger            |    18 |       ||    18
         Falchion          |    14 |    54 ||    68
    Use: Scroll            |     2 |     2 ||     4
   Stab: Sleeping          |     5 |     4 ||     9
 Armour: Skin              |    19 |    25 ||    44
  Dodge: Dodged            |    36 |    22 ||    58
